 Dungeon Crawl Stone Soup version 0.23.0 (webtiles) character file.

Game seed: 13952563795464970091

996 Borgoz the Covert (level 8, -1/52 HPs)
             Began as a Kobold Assassin on Feb 16, 2019.
             Slain by a hound (3 damage)
             ... on level 7 of the Dungeon.
             The game lasted 00:14:16 (5924 turns).

Borgoz the Covert (Kobold Assassin)                 Turns: 5924, Time: 00:14:17

Health: -1/52      AC:  3    Str:  9    XL:     8   Next: 42%
Magic:  0/17       EV: 18    Int: 12    God:
Gold:   212        SH:  0    Dex: 18    Spells: 7/7 levels left

rFire    . . .     SeeInvis .   a - +2 dagger
rCold    . . .     Gourm    .   (shield restricted)
rNeg     . . .     Faith    .   c - +0 robe
rPois    +         Spirit   +   (no helmet)
rElec    .         Reflect  .   l - +0 cloak
rCorr    .         Harm     .   (no gloves)
MR       .....                  (no boots)
Stlth    ++++......             q - amulet of guardian spirit
HPRegen  0.17/turn              u - ring of poison resistance
MPRegen  0.15/turn              d - ring of magical power

@: very slightly contaminated
A: small, talons 1, carnivore, robust 1, screaming 1
a: no special abilities


You were on level 7 of the Dungeon.
You were very full.

You visited 1 branch of the dungeon, and saw 7 of its levels.
You also visited: Sewer.

You collected 212 gold pieces.

Inventory:

Hand Weapons
 a - a +2 dagger (weapon)
 b - a +0 blowgun
 n - a +0 dagger of speed
Missiles
 e - 16 poisoned needles
 f - 8 curare-tipped needles
Armour
 c - a +0 robe (worn)
 l - a +0 cloak (worn)
Jewellery
 d - a ring of magical power (right hand)
 q - an amulet of guardian spirit (around neck)
 u - a ring of poison resistance (left hand)
Scrolls
 h - a scroll of amnesia
 i - 2 scrolls of identify
 k - a scroll of enchant armour
 p - a scroll of fog
Potions
 j - a potion of flight
 m - a potion of curing
Comestibles
 g - 6 rations


   Skills:
 + Level 4.9 Fighting
 + Level 6.7 Short Blades
 + Level 3.6 Throwing
 + Level 5.1 Dodging
 + Level 8.3 Stealth


You had 7 spell levels left.
You didn't know any spells.
Your spell library was empty.

Dungeon Overview and Level Annotations

Branches:
Dungeon (6/15)
 Temple: D:4-7

Altars:
Dithmenos
Gozag
The Shining One


Innate Abilities, Weirdness & Mutations

You are small and have problems with some larger weapons.
You are carnivorous and can eat meat at any time.
You have sharp toenails.
You are robust. (+10% HP)
You occasionally shout uncontrollably at your foes.


Message History

The hound closely misses you. The hound bites you.
* * * LOW HITPOINT WARNING * * *
The hound bites you. The hound bites you but does no damage.
The centaur shoots an arrow.
The arrow closely misses you. The orc hits you with a +0 mace.
* * * LOW HITPOINT WARNING * * *
The ooze quivers.
The orc priest shouts!
You hear a shout!
The centaur shoots an arrow.
The arrow completely misses you. The hound misses you.
The ooze closely misses you.
The centaur shoots an arrow.
The arrow hits you!
* * * LOW HITPOINT WARNING * * *
You see here an arrow.
The centaur shoots an arrow.
The arrow closely misses you.
You see here an arrow.
The centaur shoots an arrow.
The arrow closely misses you. The hound bites you.
You die...

########### # .o........# .#
..... co........# ####..# .....
W.........#####.@..# ......
h.........##...h#####.. ......
###.#..#..cc..FoJ.(...####......
#.....$..####o.....####...[....
#........o....##(##............
...$..o.h#######....##..######
#......c.# ##..W.#####.##
#.......(###..#######.h##
#.#####(##(h..# #.....Jo##


You could see an orc warrior, a bullfrog, 2 centaurs, a hound and an orc.

Vanquished Creatures
  2 phantoms
  2 ogres (D:6)
  A centaur (D:6)
  A big kobold (Sewer)
  A scorpion (D:3)
  A howler monkey (D:6)
  2 crimson imps (D:6)
  2 orc priests
  2 hounds (D:4)
  An orc wizard (D:4)
  Terence (D:2)
  A worker ant (D:7)
  3 river rats
  3 adders
  A gnoll (D:2)
  A worm (D:3)
  3 dart slugs
  11 orcs
  3 ball pythons (D:6)
  5 giant cockroaches
  9 goblins
  6 hobgoblins
  4 jackals
  11 kobolds
  2 quokkas
  12 bats
  2 frilled lizards
  A leopard gecko zombie (D:3)
  3 quokka skeletons (D:4)
  11 rats
108 creatures vanquished.

Notes
Turn   | Place    | Note
-------+----------+-------------------------------------------
     0 | D:1      | Borgoz the Kobold Assassin began the quest for the Orb.
     0 | D:1      | Reached XP level 1. HP: 12/12 MP: 1/1
   199 | D:1      | Reached XP level 2. HP: 17/17 MP: 2/2
   669 | D:1      | Reached skill level 6 in Stealth
   973 | D:1      | Reached XP level 3. HP: 22/22 MP: 3/3
  1463 | D:2      | Found a glowing golden altar of the Shining One.
  1815 | D:2      | Noticed Terence
  1837 | D:2      | Gained mutation: You occasionally shout uncontrollably at
                  | your foes. [potion of mutation]
  1837 | D:2      | Gained mutation: You have sharp toenails. [potion of
                  | mutation]
  1837 | D:2      | Gained mutation: You are robust. (+10% HP) [potion of
                  | mutation]
  1857 | D:2      | Killed Terence
  1857 | D:2      | Reached XP level 4. HP: 14/29 MP: 4/4
  2396 | D:3      | Reached skill level 7 in Stealth
  2396 | D:3      | Reached XP level 5. HP: 33/35 MP: 5/5
  3306 | D:3      | Reached XP level 6. HP: 40/40 MP: 6/6
  3307 | D:3      | You fall through a shaft for 3 floors!
  3497 | D:6      | Found a glowing drain.
  3532 | Sewer    | Entered a sewer
  3893 | Sewer    | Found a white marble altar of Elyvilon.
  4022 | D:6      | Reached skill level 5 in Short Blades
  4022 | D:6      | Reached XP level 7. HP: 22/45 MP: 1/7
  4180 | D:5      | Entered Level 5 of the Dungeon
  4370 | D:6      | Reached skill level 8 in Stealth
  4478 | D:6      | Found a shadowy altar of Dithmenos.
  4564 | D:6      | Reached XP level 8. HP: 23/52 MP: 8/8
  4824 | D:6      | Found an opulent altar of Gozag.
  5821 | D:4      | Reached skill level 5 in Dodging
  5825 | D:4      | You fall through a shaft for 3 floors!
  5922 | D:7      | HP: 2/52 [centaur/arrow (9)]
  5924 | D:7      | Slain by a hound

Skill      XL: |  1  2  3  4  5  6  7  8 |
---------------+-------------------------+-----
Stealth        | 6 7 8 |  8.3
Short Blades   | 3 4 5 6 |  6.7
Dodging        | 2 3 4 5 |  5.1
Fighting       | 3 4 |  4.9
Throwing       | 3 |  3.6

Action                   |  1- 3 |  4- 6 |  7- 9 || total
-------------------------+-------+-------+-------++-------
Melee: Dagger            |   139 |   274 |   258 ||   671
       Kick              |     8 |    69 |    64 ||   141
 Fire: Blowgun           |       |       |    11 ||    11
  Use: Potion            |     5 |     3 |     6 ||    14
       Scroll            |       |     6 |     3 ||     9
 Stab: Sleeping          |     9 |     5 |     6 ||    20
  Eat: Chunk             |    11 |     7 |     6 ||    24
Armor: Robe              |    18 |    20 |     9 ||    47
Dodge: Dodged            |    90 |   123 |   165 ||   378
